AoeStats
← 无忧无虑

Arabia

509309476Analyzed
1v1 RM · 6d ago on Sep 26, 2026· 49m 10s· 2 players
Game mode
Random Map
Map size
Tiny (2 player)
Population
200
Speed
Normal
Resources
Standard
Victory
Conquest
Starting age
Dark Age
Ending age
Imperial Age
RankedLock teamsTeams togetherTeam positionsShared explorationLock speedFull tech treeHidden civsTurbo modeCheats
Victory
Defeat
🇫🇷 Franks · France
949
+41
🇨🇳 Teutons · China
902
-40
Akéron
5:46 Loom
10:41 Feudal Age
13:13 Double-Bit Axe
27:18 Castle Age
28:27 Light Cavalry
30:31 Gold Mining
30:36 Stone Mining
32:00 Husbandry
31:26 Crossbowman
32:20 Scale Barding Armor
36:25 Padded Archer Armor
36:16 Fletching
36:28 Fletching
45:58 Imperial Age
无忧无虑
13:33 Feudal Age
16:37 Wheelbarrow
19:08 Double-Bit Axe
19:04 Man-at-Arms
29:01 Horse Collar
32:37 Castle Age
32:31 Forging
32:54 Long Swordsman
33:37 Squires
33:49 Heavy Plow
38:25 Hand Cart
39:19 Scale Mail Armor
39:55 Iron Casting
39:51 Fervor
40:57 Stone Mining
41:37 Loom
42:23 Bow Saw
Connection lost

Rejoining the realm…

Still unreachable

The connection could not be restored.

Session expired

The server has moved on; the page needs a fresh start.